AoeStats
← 1725629104

African Clearing

510501063Analyzed
2v2 RM · 2d ago on Oct 1, 2026· 50m 0s· 4 players
Game mode
Random Map
Map size
Medium (4 player)
Population
200
Speed
Normal
Resources
Standard
Victory
Conquest
Starting age
Dark Age
Ending age
Imperial Age
RankedLock teamsTeams togetherTeam positionsShared explorationLock speedFull tech treeHidden civsTurbo modeCheats
Victory
Defeat
🇱🇻 Slavs · Latvia
1110
+9
🇫🇷 Byzantines · France
1005
+12
🇨🇳 Chinese · China
950
-11
🇨🇳 Huns · China
924
-10
FauneMontagne91
8:57 Loom
10:03 Loom
12:19 Feudal Age
13:17 Double-Bit Axe
13:16 Horse Collar
21:02 Castle Age
20:19 Gold Mining
21:01 Scale Barding Armor
21:06 Crossbowman
22:14 Bow Saw
22:23 Forging
22:53 Heavy Plow
24:58 Chain Barding Armor
26:50 Husbandry
29:11 Iron Casting
29:31 Elite Skirmisher
31:14 Wheelbarrow
34:42 Imperial Age
33:08 Ballistics
32:59 Fletching
33:09 Padded Archer Armor
33:52 Hand Cart
34:30 Bodkin Arrow
34:46 Heavy Camel Rider
36:30 Arbalester
37:16 Thumb Ring
38:23 Chemistry
38:23 Crop Rotation
Kaniel Outiss
3:28 Loom
11:05 Feudal Age
11:30 Double-Bit Axe
18:33 Castle Age
19:35 Bow Saw
20:44 Horse Collar
22:52 Stone Mining
24:48 Pikeman
25:29 Squires
25:57 Forging
33:38 Imperial Age
32:57 Wheelbarrow
32:27 Heavy Plow
34:51 Hand Cart
34:57 Gold Mining
37:19 Two-Man Saw
37:38 Chemistry
37:19 Gold Shaft Mining
38:26 Iron Casting
39:30 Conscription
39:17 Scale Barding Armor
39:13 Scale Mail Armor
40:15 Blast Furnace
40:54 Fletching
42:44 Chain Barding Armor
42:39 Chain Mail Armor
43:11 Bodkin Arrow
43:25 Elite Boyar
45:30 Plate Mail Armor
45:26 Town Watch
46:24 Druzhina
47:23 Plate Barding Armor
48:54 Padded Archer Armor
49:27 Husbandry
49:42 Bloodlines
50:48 Leather Archer Armor
1510232110
6:31 Loom
13:06 Feudal Age
18:20 Castle Age
18:24 Light Cavalry
19:05 Husbandry
20:33 Forging
21:14 Bloodlines
23:54 Double-Bit Axe
28:10 Pikeman
28:50 Squires
36:07 Wheelbarrow
43:37 Imperial Age
42:15 Hand Cart
42:49 Stone Mining
42:49 Gold Mining
43:36 Horse Collar
46:01 Ballistics
46:42 Chemistry
45:50 Scale Barding Armor
46:21 Iron Casting
45:37 Fletching
45:48 Padded Archer Armor
45:14 Hussar
46:50 Elite Tarkan
48:23 Marauders
47:51 Halberdier
49:21 Scale Mail Armor
50:22 Blast Furnace
49:42 Chain Barding Armor
1725629104
4:18 Loom
16:10 Feudal Age
17:13 Double-Bit Axe
21:22 Castle Age
27:36 Thumb Ring
26:52 Crossbowman
30:08 Bow Saw
29:42 Horse Collar
31:13 Squires
30:34 Pikeman
34:45 Imperial Age
33:05 Fletching
33:16 Padded Archer Armor
38:15 Wheelbarrow
37:42 Heavy Plow
38:22 Bodkin Arrow
40:44 Two-Man Saw
45:52 Heavy Rocket Cart
Connection lost

Rejoining the realm…

Still unreachable

The connection could not be restored.

Session expired

The server has moved on; the page needs a fresh start.